AoeStats
← flynorc

Four Lakes

507136228Analyzed
1v1 RM · 15d ago on Sep 16, 2026· 24m 19s· 2 players
Game mode
Random Map
Map size
Tiny (2 player)
Population
200
Speed
Normal
Resources
Standard
Victory
Conquest
Starting age
Dark Age
Ending age
Imperial Age
RankedLock teamsTeams togetherTeam positionsShared explorationLock speedFull tech treeHidden civsTurbo modeCheats
Victory
Defeat
🇮🇳 Celts · India
1582
+16
🇦🇹 Turks · Austria
1582
-16
KillerCaesar
7:39 Loom
10:02 Feudal Age
10:35 Double-Bit Axe
10:55 Town Watch
15:23 Wheelbarrow
18:10 Fishing Lines
20:38 Castle Age
19:10 Scale Barding Armor
19:15 Forging
19:31 Horse Collar
21:39 Husbandry
22:00 Chain Barding Armor
flynorc
5:03 Loom
11:00 Feudal Age
11:34 Double-Bit Axe
14:46 Fletching
18:44 Castle Age
19:41 Medium Warships
20:26 Bow Saw
Connection lost

Rejoining the realm…

Still unreachable

The connection could not be restored.

Session expired

The server has moved on; the page needs a fresh start.